 Dungeon Sprint DCSS version 0.30-a0-996-ga6910c8ee8 (webtiles) character file.

Game seed: 10561697039751226663

543 rocky1 the Impaler (level 13, 0/109 HPs)
             Began as a Formicid Fighter on Apr 5, 2023.
             Was an Initiate of Gozag.
             Slain by a cyan ugly thing (14 damage)
             ... in the Dungeon (Sprint VI: "Thunderdome").
             The game lasted 00:10:53 (1062 turns).

rocky1 the Impaler (Formicid Fighter)               Turns: 1062, Time: 00:10:53

Health: 0/109      AC:  9    Str: 31    XL:     13   Next: 9%
Magic:  22/22      EV: 13    Int: 16    God:    Gozag
Gold:   458        SH:  7    Dex: 12    Spells: 12/12 levels left

rFire   . . .      SeeInvis +    j - +2 halberd (flame)
rCold   + . .      Faith    .    c - +0 buckler
rNeg    . . .      Spirit   .    b - +0 scale mail
rPois   +          Reflect  .    (helmet unavailable)
rElec   .          Rampage  .    (no cloak)
rCorr   +                        (no gloves)
Will    ++++.                    (no boots)
Stlth   +                        p - amulet "Goxonin" {RegenMP Regen+ Int+5 Dex+3}
HPRegen 1.18/turn                n - ring of Qypnu {Will+++ rCorr Int+3 Dex-2 SInv}
MPRegen 0.58/turn                o - ring of Qalulec {rPois rC+ MP+9 Str+5 Dex-2}

@: gold aura
A: permanent stasis, dig shafts and tunnels, antennae 3, four strong arms
}: 1/15 runes: serpentine
a: Dig, Renounce Religion, Potion Petition, Call Merchant, Bribe Branch


You were in the Dungeon.
You worshipped Gozag.
Gozag was aware of your devotion.
You visited 1 branch You collected 2677 gold pieces.
You spent 1820 gold pieces at shops.
You paid 399 gold pieces to Gozag.

Inventory:

Hand Weapons
 a - a +0 trident
 j - a +2 halberd of flaming (weapon)
Armour
 b - a +0 scale mail (worn)
 c - a +0 buckler (worn)
Jewellery
 n - the ring of Qypnu (left hand) {Will+++ rCorr Int+3 Dex-2 SInv}
   (You bought it in a shop in the Dungeon)

   [ring of see invisible]

   Int:       It affects your intelligence (+3).
   Dex:       It affects your dexterity (-2).
   SInv:      It lets you see invisible.
   rCorr:     It protects you from acid and corrosion.
   Will:      It greatly increases your willpower.
 o - the ring of Qalulec (right hand) {rPois rC+ MP+9 Str+5 Dex-2}
   (You bought it in a shop in the Dungeon)

   [ring of magical power]

   Str:       It affects your strength (+5).
   Dex:       It affects your dexterity (-2).
   rC:        It protects you from cold.
   rPois:     It protects you from poison.
   MP:        It affects your magic capacity (+9).
 p - the amulet "Goxonin" (around neck) {RegenMP Regen+ Int+5 Dex+3}
   (You bought it in a shop in the Dungeon)

   [amulet of magic regeneration]

   It increases your rate of magic regeneration.
   Int:       It affects your intelligence (+5).
   Dex:       It affects your dexterity (+3).
   Regen:     It increases your rate of health regeneration.
Wands
 d - a wand of charming (2)
 k - a wand of roots (5)
Scrolls
 h - 4 scrolls of blinking
 m - 3 scrolls of fog
 q - a scroll of enchant weapon
Potions
 e - 9 potions of curing
 f - 5 potions of heal wounds
 g - 2 potions of magic
 i - a potion of resistance
 l - 3 potions of haste {unknown}


   Skills:
 + Level 12.5 Fighting
 + Level 17.7 Polearms
 + Level 12.7 Armour
 + Level 7.2 Dodging
 - Level 2.1 Stealth
 + Level 13.1 Shields
 - Level 3.3 Evocations


You had 12 spell levels left.
You didn't know any spells.
Your spell library was empty.

Dungeon Overview and Level Annotations

Branches:
Dungeon (1/1)

Altars:
Cheibriados
Dithmenos
Fedhas
Gozag
Kikubaaqudgha
Makhleb
Okawaru
Qazlal
Ru
Sif Muna
Trog
Uskayaw
Vehumet
Wu Jian
Xom
Yredelemnul
Zin
The Shining One
Lugonu

Shops:
D *[??*?*:[((!!!!


Innate Abilities, Weirdness & Mutations

You cannot be hasted, slowed, berserked, paralysed or teleported.
You can dig through walls and to a lower floor.
You have a pair of large antennae on your head. (SInv)
Your four strong arms can wield two-handed weapons with a shield.


Message History

The cyan ugly thing punches you but does no damage.
You barely miss the cyan ugly thing.
The cyan ugly thing is moderately wounded.
The brown ugly thing basks in the mutagenic energy from its kin and changes!
You block the cyan ugly thing's attack.
You closely miss the cyan ugly thing.
The cyan ugly thing is moderately wounded.
The red ugly thing kicks you.
You are engulfed in flames!!
The brown ugly thing basks in the mutagenic energy from its kin and changes!
The cyan ugly thing barely misses you.
You impale the cyan ugly thing!! You burn the cyan ugly thing!
The cyan ugly thing is severely wounded.
You puncture the cyan ugly thing! You burn the cyan ugly thing.
You kill the cyan ugly thing!
The red ugly thing barely misses you. The cyan ugly thing trunk-slaps you!
The cyan ugly thing shocks you!
You hit the cyan ugly thing. You burn the cyan ugly thing.
The cyan ugly thing is lightly wounded.
The red ugly thing kicks you!
You are engulfed in flames!!
You block the cyan ugly thing's attack.
You are too injured to fight recklessly!
You are too injured to fight recklessly!
The red ugly thing kicks you!
* * * LOW HITPOINT WARNING * * *
You are engulfed in flames!!
* * * LOW HITPOINT WARNING * * *
Okay, then.
You feel much better. The red ugly thing closely misses you.
The cyan ugly thing closely misses you.
The cyan ugly thing attacks as you move away!
The cyan ugly thing headbutts you.
* * * LOW HITPOINT WARNING * * *
The cyan ugly thing shocks you!
* * * LOW HITPOINT WARNING * * *
The cyan ugly thing attacks as you move away!
The cyan ugly thing headbutts you.
* * * LOW HITPOINT WARNING * * *
The cyan ugly thing shocks you!
You die...
Your body crumbles into a pile of gold.

######.8.........8.######
##.__.......###......___∩##
###∩........8.# #.8........∩##
##.............###.............
#⌠..........###...###..).......
#⌠..........# #.<.# #..........
#⌠..........###...###..........
##.........[...###.............
###∩.....$..8@# #.8........∩##
##∩___...uu.###......._.∩##
######.8.u....[..8.######
#⌠...........⌠# ###.........###
#_......._# #_......._#
#_......._# #∩.......∩#


You could see 3 ugly things.

Vanquished Creatures
  An anaconda (D)
  4 bog bodies (D)
  4 ugly things (D)
  A cane toad (D)
  An unseen horror (D)
  Psyche (D)
  A tyrant leech (D)
  A yak (D)
  An ogre (D)
  A phantom (D)
  A bullfrog (D)
  A necrophage (D)
  A killer bee (D)
  Terence (D)
  A sleepcap (D)
  2 ball pythons (D)
  2 bats (D)
  A bat skeleton (D)
  A bat zombie (D)
  A ball python skeleton (D)
  A ball python zombie (D)
29 creatures vanquished.

Notes
Turn   | Place    | Note
-------+----------+-------------------------------------------
     0 | D        | rocky1 the Formicid Fighter began the quest for the Orb.
     0 | D        | Reached XP level 1. HP: 18/18 MP: 1/1
     5 | D        | Found a bloodstained altar of Trog.
     5 | D        | Found a shadowy altar of Dithmenos.
     5 | D        | Round 1.
     6 | D        | Found an opulent altar of Gozag.
     7 | D        | Found Oshricymp's Do-It-Yourself Clinic.
     7 | D        | Found a shimmering blue altar of Sif Muna.
     7 | D        | Found a glowing silver altar of Zin.
     7 | D        | Found Loczil's Distillery.
     8 | D        | Found Foos Uba's Bottled Wisdom.
     8 | D        | Found Qaegias's Distillery.
    10 | D        | Found a corrupted altar of Lugonu.
    14 | D        | Became a worshipper of Gozag Ym Sagoz the Greedy
    19 | D        | Found a glowing golden altar of the Shining One.
    22 | D        | Found an ancient bone altar of Kikubaaqudgha.
    24 | D        | Found Ulaubaiz's Staff Store.
    25 | D        | Found a sacrificial altar of Ru.
    25 | D        | Found a radiant altar of Vehumet.
    25 | D        | Found Achomeif's Magic Scroll Shop.
    27 | D        | Found Faavvam's Must-Have Magic.
    27 | D        | Found Amac's Magic Scroll Shop.
    31 | D        | Found a shimmering altar of Xom.
    32 | D        | Found a hide-covered altar of Uskayaw.
    35 | D        | Found Jeusudotau's Jewellery.
    35 | D        | Found Zietoommewn's Advanced Armour.
    36 | D        | Found a blossoming altar of Fedhas.
    36 | D        | Found a basalt altar of Yredelemnul.
    36 | D        | Found a snail-covered altar of Cheibriados.
    36 | D        | Found Heupn's Identification Station.
    38 | D        | Noticed Terence
    41 | D        | Found a stormy altar of Qazlal.
    45 | D        | Killed Terence
    46 | D        | Reached skill level 5 in Fighting
    46 | D        | Reached skill level 3 in Polearms
    46 | D        | Reached skill level 5 in Shields
    46 | D        | Reached XP level 2. HP: 19/27 MP: 2/2
    46 | D        | Reached XP level 3. HP: 23/33 MP: 3/3
    46 | D        | Found an iron altar of Okawaru.
    48 | D        | Found an ornate altar of the Wu Jian Council.
    49 | D        | Found Osche's Premium Goods.
    50 | D        | Found a burning altar of Makhleb.
    50 | D        | Found Behu's Weapon Rack.
    50 | D        | Found Karity Apyfa's Miscellaneous Merchandise.
    50 | D        | Found Poemau's Basic Armour.
   108 | D        | Arena points: 12 (+12) [x2]
   138 | D        | Bought a bound platinum ring for 45 gold pieces
   138 | D        | Identified the ring of Qypnu {Will+++ rCorr Int+3 Dex-2
                  | SInv} (You bought it in a shop in the Dungeon)
   138 | D        | Bought an ancient pewter ring for 45 gold pieces
   138 | D        | Identified the ring of Qalulec {rPois rC+ MP+9 Str+5 Dex-2}
                  | (You bought it in a shop in the Dungeon)
   138 | D        | Bought a vibrating pewter amulet for 45 gold pieces
   138 | D        | Identified the amulet "Goxonin" {RegenMP Regen+ Int+5
                  | Dex+3} (You bought it in a shop in the Dungeon)
   173 | D        | Round 2.
   176 | D        | Bought a faintly glowing cloak for 332 gold pieces
   176 | D        | Identified the +1 cloak of Cic Ots {rElec rCorr Str-5
                  | Int-5} (You bought it in a shop in the Dungeon)
   218 | D        | Noticed a necrophage
   231 | D        | Killed a necrophage
   232 | D        | Reached skill level 4 in Polearms
   232 | D        | Reached skill level 5 in Armour
   232 | D        | Reached skill level 1 in Stealth
   232 | D        | Reached XP level 4. HP: 32/40 MP: 4/4
   309 | D        | Noticed a phantom
   332 | D        | Killed a phantom
   332 | D        | Arena points: 54 (+42) [x3]
   333 | D        | Reached skill level 6 in Polearms
   333 | D        | Reached skill level 1 in Evocations
   333 | D        | Reached XP level 5. HP: 47/47 MP: 5/5
   352 | D        | Round 3.
   355 | D        | Noticed an ogre
   373 | D        | Reached skill level 7 in Polearms
   373 | D        | Reached XP level 6. HP: 38/53 MP: 6/6
   374 | D        | Killed an ogre
   375 | D        | Reached skill level 8 in Polearms
   375 | D        | Reached skill level 1 in Dodging
   386 | D        | Noticed Psyche
   394 | D        | Killed Psyche
   395 | D        | Reached skill level 10 in Polearms
   395 | D        | Reached XP level 7. HP: 58/61 MP: 7/7
   419 | D        | Noticed a yak
   428 | D        | Killed a yak
   429 | D        | Reached skill level 11 in Polearms
   433 | D        | Noticed an unseen horror
   446 | D        | Killed an unseen horror
   446 | D        | Arena points: 138 (+84) [x4]
   447 | D        | Reached skill level 12 in Polearms
   447 | D        | Reached XP level 8. HP: 57/68 MP: 8/8
   492 | D        | Round 4.
   496 | D        | Bought 3 potions of experience for 900 gold pieces
   496 | D        | Reached skill level 13 in Polearms
   496 | D        | Reached XP level 9. HP: 76/76 MP: 9/9
   497 | D        | Reached skill level 10 in Shields
   497 | D        | Reached XP level 10. HP: 84/84 MP: 10/10
   498 | D        | Reached skill level 10 in Fighting
   498 | D        | Reached skill level 14 in Polearms
   498 | D        | Reached skill level 10 in Armour
   498 | D        | Reached skill level 5 in Dodging
   498 | D        | Reached XP level 11. HP: 91/91 MP: 11/11
   519 | D        | Noticed a bog body
   535 | D        | Killed a bog body
   557 | D        | Reached skill level 15 in Polearms
   566 | D        | Noticed a bog body
   578 | D        | Killed a bog body
   637 | D        | Noticed a bog body
   656 | D        | Reached skill level 16 in Polearms
   659 | D        | Killed a bog body
   660 | D        | Noticed a bog body
   667 | D        | Killed a bog body
   667 | D        | Arena points: 298 (+160) [x5]
   699 | D        | Round 5.
   706 | D        | Noticed a giant anaconda
   726 | D        | Killed a giant anaconda
   726 | D        | Arena points: 543 (+245) [x7]
   727 | D        | Reached skill level 17 in Polearms
   729 | D        | Got a serpentine rune of Zot
   737 | D        | Reached XP level 12. HP: 27/102 MP: 12/12
   790 | D        | Bought 4 potions of curing for 84 gold pieces
   790 | D        | Bought 4 potions of curing for 84 gold pieces
   790 | D        | Bought 3 potions of heal wounds for 105 gold pieces
   790 | D        | Bought 3 potions of heal wounds for 105 gold pieces
   820 | D        | Bought a scroll of enchant weapon for 75 gold pieces
   902 | D        | Round 6.
   913 | D        | Reached XP level 13. HP: 80/108 MP: 13/13
  1062 | D        | Slain by a cyan ugly thing

Illustrated notes

Levels and vault maps discovered:
D:        arena_sprint

Skill      XL: |  1  2  3  4  5  6  7  8  9 10 11 12 13 |
---------------+----------------------------------------+-----
Fighting       | 5 6 7 8 9 10 11 12 | 12.5
Polearms       | 3 4 6 7 10 12 13 14 17 | 17.7
Armour         | 4 5 6 7 8 9 10 12 | 12.7
Shields        | 5 6 7 8 9 10 11 12 13 | 13.1
Stealth        | 1 2 |  2.1
Evocations     | 1 3 |  3.3
Dodging        | 2 3 4 5 6 7 |  7.2

Action                     |  1- 3 |  4- 6 |  7- 9 | 10-12 | 13-15 || total
---------------------------+-------+-------+-------+-------+-------++-------
  Melee: Trident           |    29 |    47 |    17 |    81 |       ||   174
         Halberd           |       |       |       |     9 |    15 ||    24
 Invoke: Potion Petition   |       |       |       |     1 |       ||     1
  Evoke: Wand              |     2 |       |       |     3 |       ||     5
    Use: Potion            |       |     2 |     2 |     5 |     1 ||    10
   Stab: Distracted        |     1 |       |     1 |       |       ||     2
 Armour: Scale mail        |    26 |    11 |     1 |    13 |     1 ||    52
  Dodge: Dodged            |    23 |    28 |     6 |    13 |     5 ||    75
  Block: Buckler           |    10 |    12 |     1 |    15 |     2 ||    40

Table legend: (Time is in decaauts)
 A = Elapsed time spent in this place.
 B = Non-inter-level travel time spent in this place.
 C = Inter-level travel time spent in this place.
 D = Time resting spent in this place.
 E = Time spent auto-exploring this place.
 F = Levels seen in this place.
 G = Mean time per level.
                   A        B        C        D        E       F      G
               +--------+--------+--------+--------+--------+-----+--------+
         Total |   1027 |   1027 |      0 |    128 |      0 |   1 | 1027.0 |
       Dungeon |   1027 |   1027 |      0 |    128 |      0 |   1 | 1027.0 |
               +--------+--------+--------+--------+--------+-----+--------+

Top non-repeatable levels by time:
       D: 1027 daAuts
